 Dungeon Crawl Stone Soup version 0.30-a0-1008-g30c9307041 (webtiles) character file.

Game seed: 17753079075202572640

18 Demosthentine the Ducker (level 2, -9/22 HPs)
             Began as a Demonspawn Gladiator on Apr 6, 2023.
             Mangled by a gnoll
             ... wielding a +0 spear of distortion
              (20 damage)
             ... on level 2 of the Dungeon.
             The game lasted 00:00:36 (612 turns).

Demosthentine the Ducker (Demonspawn Gladiator)      Turns: 612, Time: 00:00:36

Health: -9/22      AC:  4    Str: 14    XL:     2   Next: 48%
Magic:  2/2        EV: 12    Int:  9    God:
Gold:   138        SH:  4    Dex: 14    Spells: 1/1 levels left

rFire   . . .      SeeInvis .    a - +0 trident (flame)
rCold   . . .      Faith    .    (no shield)
rNeg    . . .      Spirit   .    b - +0 leather armour
rPois   .          Reflect  .    c - +0 helmet
rElec   .          Rampage  .    (no cloak)
rCorr   .                        (no gloves)
Will    .....                    (no boots)
Stlth   +                        (no amulet)
HPRegen 0.23/turn                (no ring)
MPRegen 0.08/turn                (no ring)

@: no status effects
A: large bone plates 1
a: no special abilities


You were on level 2 of the Dungeon.
You visited 1 branch of the dungeon, and saw 2 of its levels.

You collected 138 gold pieces.

Inventory:

Hand Weapons
 a - a +0 trident of flaming (weapon)
Missiles
 d - 3 throwing nets (quivered)
 e - 6 javelins
Armour
 b - a +0 leather armour (worn)
 c - a +0 helmet (worn)
Jewellery
 h - a ring of see invisible
 m - a +4 ring of protection
Potions
 f - a potion of mutation
 g - a potion of heal wounds {unknown}
 k - a potion of cancellation {unknown}


   Skills:
 + Level 2.3 Fighting
 + Level 2.9 Polearms
 - Level 1.7 Throwing
 + Level 0.8 Armour
 + Level 2.9 Dodging


You had one spell level left.
You didn't know any spells.
Your spell library was empty.

Dungeon Overview and Level Annotations

Branches:
Dungeon (2/15)

Altars:


Innate Abilities, Weirdness & Mutations

You are partially covered in large bone plates. (SH +4)


Message History

(D) Dungeon
Where to? (? - help)
What level of the Dungeon? (default 1, ? - help)
There is a stone staircase leading down here.
You climb downwards.
There is a stone staircase leading up here.
A gnoll comes into view.
It is wielding a +0 spear of distortion.
The gnoll shouts!
An adder comes into view.
A gnoll comes into view. It is wielding a +0 halberd.
You reach to attack!
You miss the adder. The adder misses you.
You hit the adder. You burn the adder.
The adder is moderately wounded.
You block the adder's attack.
You hit the adder but do no damage.
The adder is moderately wounded.
The adder bites you but does no damage. You block the adder's attack.
Reach: a) +0 trident (flame)
Press: ? - help, Dir - move target, f/p - adder
Aim: an adder (moderately wounded, about 60% to evade your +0 trident of flaming)
You barely miss the adder.
The adder is moderately wounded.
The adder bites you but does no damage.
The gnoll hits you from afar with a +0 spear of distortion!
Reach: a) +0 trident (flame)
Press: ? - help, Dir - move target, f - gnoll, p - adder
Aim: a gnoll, wielding a +0 spear of distortion (about 37% to evade your +0 trident of flaming)
The adder is in the way.
You miss the adder.
The adder is moderately wounded.
The adder barely misses you. The gnoll barely misses you.
The adder bites you but does no damage.
Reach: a) +0 trident (flame)
Press: ? - help, Dir - move target, f/p - gnoll
Aim: a gnoll, wielding a +0 spear of distortion (about 37% to evade your +0 trident of flaming)
You reach to attack!
You hit the gnoll. You burn the gnoll.
The gnoll is moderately wounded.
The gnoll hits you from afar with a +0 spear of distortion.
Space warps horribly around you!!
Ouch! That really hurt!
You die...

#..........:.
#........Sg..
#............
#............
#..........#
#..........#
#..........#
####.#################
#....ggS@.........#
#################.#
#.# #.# #.# #.# #.#
#.# #.#


You could see 2 gnolls and an adder.

Vanquished Creatures
  2 endoplasms (D:1)
  2 giant cockroaches (D:1)
  A goblin (D:1)
  A hobgoblin (D:1)
  3 kobolds (D:1)
  A ball python (D:1)
  2 bats (D:1)
  5 rats (D:1)
17 creatures vanquished.

Notes
Turn   | Place    | Note
-------+----------+-------------------------------------------
     0 | D:1      | Demosthentine the Demonspawn Gladiator began the quest for
                  | the Orb.
     0 | D:1      | Reached XP level 1. HP: 16/16 MP: 1/1
   254 | D:1      | Gained mutation: You are partially covered in large bone
                  | plates. (SH +4) [demonic ancestry]
   254 | D:1      | Reached XP level 2. HP: 22/22 MP: 2/2
   612 | D:2      | Mangled by a gnoll

Illustrated notes

Levels and vault maps discovered:
D:1:      scummos_arrival_gate, layout_basic, kennysheep_decorative_pillar
D:2:      layout_basic, chequers_ecumenical_altar_simple, kennysheep_doodads

Action                     || total
---------------------------++-------
  Melee: Trident           ||    74
         Punch             ||     1
    Use: Scroll            ||     3
   Stab: Sleeping          ||     1
 Armour: Leather armour    ||    26
  Dodge: Dodged            ||    25
  Block: Other             ||     4

Table legend: (Time is in decaauts)
 A = Elapsed time spent in this place.
 B = Non-inter-level travel time spent in this place.
 C = Inter-level travel time spent in this place.
 D = Time resting spent in this place.
 E = Time spent auto-exploring this place.
 F = Levels seen in this place.
 G = Mean time per level.
                   A        B        C        D        E       F      G
               +--------+--------+--------+--------+--------+-----+--------+
         Total |    624 |    606 |     18 |      0 |    444 |   2 |  312.0 |
       Dungeon |    624 |    606 |     18 |      0 |    444 |   2 |  312.0 |
               +--------+--------+--------+--------+--------+-----+--------+

Top non-repeatable levels by time:
     D:1: 577 daAuts
     D:2: 46 daAuts
